 Dungeon Crawl Stone Soup version 0.28-a0-1404-g4df0f3684d (webtiles) character file.

Game seed: 5772328871666352540

223 ipx the Skirmisher (level 6, -1/41 HPs)
             Began as a Gargoyle Arcane Marksman on Jan 5, 2022.
             Slain by a killer bee (4 damage)
             ... on level 4 of the Dungeon.
             The game lasted 00:15:39 (1153 turns).

ipx the Skirmisher (Gargoyle Arcane Marksman)       Turns: 1153, Time: 00:15:39

Health: -1/41      AC: 20    Str: 12 (15) XL:     6   Next: 0%
Magic:  7/7        EV:  8    Int: 11 (14) God:
Gold:   124        SH:  0    Dex:  8 (10) Spells: 6/7 levels left

rFire   . . .      SeeInvis +   d - +1 whip (distort)
rCold   . . .      Faith    .   (no shield)
rNeg    + . .      Spirit   .   g - +5 scale mail "Waegam" {+Blink SInv}
rPois   ∞          Reflect  .   i - +0 helmet
rElec   +          Harm     .   (no cloak)
rCorr   .          Rampage  .   (no gloves)
Will    .....                   (no boots)
Stlth   ..........              (no amulet)
HPRegen 0.13/turn               P - +4 ring of protection
MPRegen 0.10/turn               (no ring)

@: attractive
A: sickness immunity, AC +4, negative energy resistance 1, electricity
resistance, torment resistance 1, petrification resistance
a: Evoke Blink


You were on level 4 of the Dungeon.
You visited 1 branch of the dungeon, and saw 4 of its levels.

You collected 124 gold pieces.

Inventory:

Hand Weapons
 a - a +0 hand crossbow
 b - a +0 halberd
 d - a +1 whip of distortion (weapon)
 e - a +0 dagger of draining
Missiles
 c - 15 bolts
 j - 3 poisoned darts (quivered)
Armour
 g - the +5 scale mail "Waegam" (worn) {+Blink SInv}
   (You found it on level 2 of the Dungeon)

   SInv:      It lets you see invisible.
   +Blink:    It lets you blink.
 i - a +0 helmet (worn)
Jewellery
 P - a +4 ring of protection (left hand)


   Skills:
 + Level 6.0 Fighting
 - Level 2.5 Crossbows
 - Level 1.5 Dodging
 - Level 1.0 Spellcasting
 - Level 2.6 Hexes


You had 6 spell levels left.
You knew the following spells:

 Your Spells              Type           Power      Damage    Failure   Level
s - Slow                  Hex            24%        N/A       52%         1

Your spell library contained the following spells:

 Spells                   Type           Power      Damage    Failure   Level
 Inner Flame              Hex/Fire       3%         N/A       97%         3
 Portal Projectile        Hex/Tloc       6%         N/A       97%         3
 Cause Fear               Hex            3%         N/A       99%         4
 Chain Lightning          Conj/Air       0%         N/A       100%        9
 Fire Storm               Conj/Fire      0%         5d1       100%        9
 Shatter                  Erth           0%         3d5*      100%        9


Dungeon Overview and Level Annotations

Branches:
Dungeon (4/15)
 Temple: D:4-7

Altars:

Shops:
D:2 =

Annotations:
D:4 Edmund


Innate Abilities, Weirdness & Mutations

You are immune to sickness and miasma.
Your stone body is resilient. (AC +4)
You are immune to poison.
You resist negative energy. (rN+)
You are resistant to electric shocks. (rElec)
You are resistant to unholy torment.
You are immune to petrification.


Message History

The killer bee is moderately wounded.
The killer bee stings you but does no damage. x2
A quokka comes into view.
You closely miss the killer bee.
The killer bee is moderately wounded.
The killer bee stings you but does no damage.
The killer bee closely misses you.
You miss the killer bee.
The killer bee is moderately wounded.
The killer bee barely misses you.
The killer bee stings you but does no damage.
You hit the killer bee.
Space warps horribly around the killer bee!!
You kill the killer bee!
The killer bee barely misses you.
Your Fighting skill increases to level 6!
You have reached level 6!
It was a potion of attraction.
You feel attractive to monsters.
The killer bee stings you but does no damage.
The killer bee misses you. The quokka is attracted toward you.
It was a potion of degeneration.
There was something very wrong with that liquid.
You feel weakened.
You feel dopey.
You feel clumsy.
The killer bee stings you but does no damage. x2
The quokka bites you but does no damage.
You barely miss the killer bee. The killer bee barely misses you.
The killer bee stings you.
* * * LOW HITPOINT WARNING * * *
The quokka bites you but does no damage.
The killer bee stings you but does no damage.
You miss the killer bee.
The killer bee stings you but does no damage.
The quokka misses you. The killer bee completely misses you.
The quokka bites you.
* * * LOW HITPOINT WARNING * * *
You closely miss the killer bee. The killer bee stings you.
* * * LOW HITPOINT WARNING * * *
The killer bee stings you.
You die...

# #### .#...# #.##.#
..y####.##.#
..y.y<..##.## ###
#y#...## ... #......#
#.#
.########y#....##.#.####
......r@yy##.....###..<.
.########.##...##.#.###.
#..........####.
#.##............
#.##..#########.
#####.##..##### .
#.............# .
#.###.##..###.# .
###.###.##..#


You could see 3 killer bees and a quokka.

Vanquished Creatures
  A killer bee (D:4)
  A jelly (D:3)
  A gnoll shaman (D:4)
  Robin (D:4)
  3 gnolls (D:4)
  2 adders (D:2)
  2 dart slugs
  4 endoplasms
  11 goblins
  9 hobgoblins
  A jackal (D:4)
  6 kobolds
  3 quokkas (D:1)
  5 ball pythons
  8 bats
  2 frilled lizards
60 creatures vanquished.

Notes
Turn   | Place    | Note
-------+----------+-------------------------------------------
     0 | D:1      | ipx the Gargoyle Arcane Marksman began the quest for the
                  | Orb.
     0 | D:1      | Reached XP level 1. HP: 12/12 MP: 2/2
    95 | D:1      | Reached XP level 2. HP: 17/17 MP: 3/3
   126 | D:1      | Found a faded altar of an unknown god.
   145 | D:1      | Reached skill level 2 in Fighting
   214 | D:2      | Identified the +5 scale mail "Waegam" {+Blink SInv}
   289 | D:2      | Reached XP level 3. HP: 20/22 MP: 4/4
   432 | D:1      | Reached skill level 3 in Fighting
   623 | D:2      | Found Vujapalo's Jewellery Shoppe.
   710 | D:3      | Reached skill level 4 in Fighting
   710 | D:3      | Reached XP level 4. HP: 25/29 MP: 5/5
   867 | D:4      | Noticed Robin
   946 | D:4      | Killed Robin
   947 | D:4      | Reached XP level 5. HP: 27/34 MP: 6/6
  1012 | D:4      | Reached skill level 5 in Fighting
  1069 | D:4      | Noticed Edmund
  1149 | D:4      | Reached skill level 6 in Fighting
  1149 | D:4      | Reached XP level 6. HP: 9/41 MP: 7/7
  1153 | D:4      | Slain by a killer bee

Illustrated notes

Levels and vault maps discovered:
D:1:      minmay_arrival_solitary_statue, layout_rooms,
          hellmonk_ecumenical_altar_leap_of_faith
D:2:      layout_basic, serial_shops, nicolae_shop_advertising_works
          [nicolae_subvault_shop_adworks], uniq_terence
D:3:      layout_loops_ring, general_overflow_altar,
          nicolae_qazlal_general_emergency, uniq_jessica
D:4:      cheibrodos_helix_gallery, layout_loops_ring,
          nicolae_overflow_crystal_walls, uniq_pikel, uniq_robin, uniq_edmund

Skill      XL: |  1  2  3  4  5 |
---------------+----------------+-----
Fighting       | 2 4 6 |  6.0
Crossbows      | |  2.5
Dodging        | |  1.5
Spellcasting   | |  1.0
Hexes          | |  2.6

Action                   |  1- 3 |  4- 6 || total
-------------------------+-------+-------++-------
Melee: Spear             |    46 |    45 ||    91
       Punch             |     1 |     2 ||     3
       Dagger            |       |    81 ||    81
       Whip              |       |    12 ||    12
       Halberd           |       |     5 ||     5
 Fire: Hand crossbow     |    64 |     2 ||    66
Throw: Dart              |       |     8 ||     8
  Use: Scroll            |       |     2 ||     2
       Potion            |       |     4 ||     4
Armor: Ring mail         |     8 |       ||     8
       Scale mail        |    32 |    93 ||   125
Dodge: Dodged            |    43 |    96 ||   139

Table legend: (Time is in decaauts)
 A = Elapsed time spent in this place.
 B = Non-inter-level travel time spent in this place.
 C = Inter-level travel time spent in this place.
 D = Time resting spent in this place.
 E = Time spent auto-exploring this place.
 F = Levels seen in this place.
 G = Mean time per level.
                   A        B        C        D        E       F      G
               +--------+--------+--------+--------+--------+-----+--------+
         Total |   1188 |   1139 |     49 |      0 |      0 |   4 |  297.0 |
       Dungeon |   1188 |   1139 |     49 |      0 |      0 |   4 |  297.0 |
               +--------+--------+--------+--------+--------+-----+--------+

Top non-repeatable levels by time:
     D:1: 444 daAuts
     D:4: 375 daAuts
     D:2: 270 daAuts
     D:3: 98 daAuts
